 Dungeon Crawl Stone Soup version 0.27-a0-828-g8289197e94 (webtiles) character file.

Game seed: 13218256057559373484

2288 dickylongcocking the Fighter (level 9, -4/71 HPs)
             Began as a Djinni Fire Elementalist on Mar 30, 2021.
             Was a Follower of Makhleb.
             Splashed by Pikel's acid (10 damage)
             ... on level 6 of the Dungeon.
             The game lasted 00:07:45 (8901 turns).

dickylongcocking the Fighter (DjFE)                 Turns: 8901, Time: 00:07:45

Health: -4/71      AC:  6    Str:  7    XL:     9   Next: 39%
Gold:   300        EV: 12    Int: 19    God:    Makhleb [*.....] SH:  0 Dex: 15

rFire    + . .     SeeInvis .   l - +1 dagger (vamp)
rCold    . . .     Faith    .   (no shield)
rNeg     . . .     Spirit   .   a - +0 robe
rPois    ∞         Reflect  .   (no helmet)
rElec    .         Harm     .   (no cloak)
rCorr    .         Rampage  .   (no gloves)
Will     .....                  (boots unavailable)
Stlth    ++........             (no amulet)
HPRegen  0.21/turn              c - ring of ice
MPRegen  0.00/turn              f - +4 ring of protection

@: flying, very slightly contaminated
A: fire resistance 2, cold vulnerability 1, float, innate caster, hp casting,
extra vitality 1
a: Renounce Religion


You were on level 6 of the Dungeon.
You worshipped Makhleb.
Makhleb was aware of your devotion.
You visited 2 branches of the dungeon, and saw 7 of its levels.
You also visited: Ossuary.

You collected 300 gold pieces.

Inventory:

Hand Weapons
 h - a +2 dagger of speed
 l - a +1 vampiric dagger (weapon)
Armour
 a - a +0 robe (worn)
Jewellery
 c - a ring of ice (left hand)
 f - a +4 ring of protection (right hand)
 n - a ring of fire
 u - a ring of positive energy
 v - a ring of willpower
Wands
 r - a wand of iceblast (12)
Scrolls
 b - a scroll of torment
 e - 3 scrolls of amnesia
 j - 3 scrolls of enchant weapon {unknown}
 m - a scroll of magic mapping {unknown}
 o - 4 scrolls of blinking
 s - a scroll of holy word
 w - a scroll of teleportation
 x - 4 scrolls of identify
 y - 3 scrolls of fear {unknown}
 z - 2 scrolls of noise {unknown}
 A - a scroll of fog
Potions
 d - a potion of curing
 g - a potion of haste
 i - 2 potions of brilliance
 k - a potion of experience {unknown}
 p - a potion of mutation {unknown}
 q - a potion of magic {unknown}
 t - 2 potions of cancellation {unknown}


   Skills:
 * Level 8.6 Fighting
 - Level 2.1 Dodging
 - Level 1.5 Stealth
 * Level 7.8 Spellcasting


You couldn't memorise any spells.
You knew the following spells:

 Your Spells              Type           Power      Damage    Failure   Level
a - Foxfire               Conj/Fire      100%       2x1d9     1%          1
b - Conjure Flame         Conj/Fire      37%        6-21      1%          3
c - Inner Flame           Hex/Fire       37%        N/A       1%          3
d - Sticky Flame          Conj/Fire      37%        2d6       3%          4
e - Fireball              Conj/Fire      18%        3d9       11%         5
f - Shock                 Conj/Air       100%       1d9       1%          1
g - Poisonous Vapours     Pois/Air       74%        N/A       1%          2
h - Lesser Beckoning      Tloc           18%        N/A       1%          3
i - Animate Dead          Necr           18%        N/A       3%          4
Your spell library was empty.

Dungeon Overview and Level Annotations

Branches:
Dungeon (6/15)             Temple (1/1) D:4         Ossuary (visited)

Altars:
Ashenzari
Cheibriados
Fedhas
Kikubaaqudgha
Makhleb
Nemelex Xobeh
Okawaru
Ru
Sif Muna
Uskayaw
Vehumet
Wu Jian
Zin
Lugonu

Portals:
Abyss: D:4

Annotations:
D:6 Pikel


Innate Abilities, Weirdness & Mutations

You are immune to poison.
Your flesh is very heat resistant. (rF++)
You are vulnerable to cold. (rC-)
You float through the air rather than walking.
You learn spells naturally, not from books.
Your magical power is your life essence.
You have superior vitality. (+4 HP)


Message History

Unknown command.
Casting: Sticky Flame (dangerous; 3% risk of failure)
Confirm with . or Enter, or press ? or * to list all spells.
Aiming: Fireball (dangerous; 11% risk of failure)
Press: ? - help, Shift-Dir - straight line You miscast Fireball.
You are very lightly contaminated with residual magic.
Nothing appears to happen.
Unknown command.
Unknown command.
Casting: Fireball (dangerous; 11% risk of failure)
Confirm with . or Enter, or press ? or * to list all spells.
Aiming: Fireball (dangerous; 11% risk of failure)
Press: ? - help, Shift-Dir - straight line, f - Pikel
Aim: Pikel, wielding a +1 whip of flaming, wearing a +0 robe and carrying a wand of acid (9)
The fireball explodes!
The fireball engulfs Pikel!
Pikel is moderately wounded.
Unknown command.
Casting: Fireball (dangerous; 11% risk of failure)
Confirm with . or Enter, or press ? or * to list all spells.
Aiming: Fireball (dangerous; 11% risk of failure)
Press: ? - help, Shift-Dir - straight line, f/p - Pikel
Aim: Pikel, wielding a +1 whip of flaming, wearing a +0 robe and carrying a wand of acid (9) (moderately wounded)
The fireball explodes!
The fireball engulfs Pikel!
Pikel is heavily wounded.
Unknown command.
Unknown command.
Casting: Fireball (dangerous; 11% risk of failure)
Confirm with . or Enter, or press ? or * to list all spells.
Aiming: Fireball (dangerous; 11% risk of failure)
Press: ? - help, Shift-Dir - straight line, f/p - Pikel
Aim: Pikel, wielding a +1 whip of flaming, wearing a +0 robe and carrying a wand of acid (9) (heavily wounded)
The fireball explodes!
The fireball engulfs Pikel.
Pikel is heavily wounded.
You hear a shout! x2
A lemure comes into view.
Pikel zaps a wand.
The bolt of acid hits you!!
* * * LOW HITPOINT WARNING * * *
You are splashed with acid!
You die...

#..## ###...## #......# ..
###.<...## ...
#.......####... ###
##.............
##.####....#.........
#######....##...###........
#......K..@......##........
#..#...)##.................
#...#5..#....##.....<......
##......##.#........#..#....
.......†...........###.##...
##......)..........# ......
#.........#......... ..#...
..##....≈.#.?....... ..# ..
.. #....###......... ### .


You could see Pikel and a lemure (wandering).

Vanquished Creatures
  Prince Ribbit (D:5)
  Sigmund (D:6)
  Eustachio (D:4)
  A water moccasin (D:6)
  2 sky beasts
  An ice beast (D:5)
  A necrophage (D:5)
  A centaur (D:6)
  An elf zombie (Ossuary)
  A phantom (D:5)
  A bullfrog (D:6)
  2 scorpions
  A wyvern skeleton (D:5)
  A water moccasin skeleton (D:5)
  A howler monkey (D:5)
  3 centaur zombies
  A hound (D:5)
  2 human zombies (Ossuary)
  A centaur skeleton (D:5)
  A gnoll shaman (D:5)
  2 jellies
  A bullfrog skeleton (D:5)
  2 orc wizards
  2 iguanas (D:5)
  2 mummies (Ossuary)
  7 gnolls
  11 adders
  A howler monkey skeleton (D:6)
  2 ufetubi (D:5)
  3 adder zombies (Ossuary)
  3 worms
  3 dart slugs
  4 orcs
  2 bats (D:2)
  4 endoplasms
  A giant cockroach (D:2)
  5 goblins
  5 hobgoblins
  5 jackals
  9 quokkas
  8 ball pythons
  3 frilled lizards
  A goblin zombie (Ossuary)
  9 hobgoblin zombies (Ossuary)
  A jackal zombie (Ossuary)
  9 kobolds
  9 kobold zombies (Ossuary)
  8 orc zombies (Ossuary)
  7 rats
  A rat zombie (Ossuary)
155 creatures vanquished.

Vanquished Creatures (others)
  483 foxfires
483 creatures vanquished.

Grand Total: 638 creatures vanquished

Notes
Turn   | Place    | Note
-------+----------+-------------------------------------------
     0 | D:1      | dickylongcocking the Djinni Fire Elementalist began the
                  | quest for the Orb.
     0 | D:1      | Reached XP level 1. HP: 15/15 MP: 0/0
   574 | D:1      | Reached skill level 1 in Fighting
   574 | D:1      | Reached XP level 2. HP: 4/22 MP: 0/0
   577 | D:1      | HP: 1/22 [quokka (3)]
  1559 | D:2      | Reached XP level 3. HP: 21/28 MP: 0/0
  1559 | D:2      | Learned a level 1 spell: Shock
  1725 | D:2      | Reached skill level 2 in Fighting
  2019 | D:2      | Reached XP level 4. HP: 30/34 MP: 0/0
  2852 | D:3      | Reached skill level 3 in Fighting
  2852 | D:3      | Reached XP level 5. HP: 37/40 MP: 0/0
  2852 | D:3      | Learned a level 2 spell: Poisonous Vapours
  2998 | D:3      | HP: 2/40 [endoplasm (3)]
  3769 | D:3      | Found a sparkling altar of Nemelex Xobeh.
  3964 | D:3      | Found a burning altar of Makhleb.
  4140 | D:3      | Became a worshipper of Makhleb the Destroyer
  4270 | D:4      | Reached XP level 6. HP: 46/47 MP: 0/0
  4297 | D:4      | Found a staircase to the Ecumenical Temple.
  4304 | D:4      | Noticed Eustachio
  4313 | D:4      | Reached skill level 4 in Fighting
  4318 | D:4      | Killed Eustachio
  4323 | Temple   | Entered the Ecumenical Temple
  4785 | D:4      | Reached XP level 7. HP: 37/53 MP: 0/0
  4785 | D:4      | Learned a level 3 spell: Lesser Beckoning
  4793 | D:4      | Found a sand-covered staircase.
  4798 | Ossuary  | Entered an ossuary
  4912 | Ossuary  | Reached skill level 5 in Spellcasting
  5302 | Ossuary  | Reached skill level 5 in Fighting
  5305 | Ossuary  | Reached * piety under Makhleb
  6070 | D:4      | Found a one-way gate to the infinite horrors of the Abyss.
  6316 | D:4      | Found a broken altar of Ashenzari.
  6459 | D:4      | Found a large runed translucent door.
  6459 | D:4      | Found a large runed translucent door.
  6460 | D:4      | Found a corrupted altar of Lugonu.
  6703 | D:5      | Entered Level 5 of the Dungeon
  7083 | D:5      | Reached skill level 6 in Fighting
  7083 | D:5      | Reached XP level 8. HP: 61/61 MP: 0/0
  7198 | D:5      | Noticed Prince Ribbit
  7207 | D:5      | Killed Prince Ribbit
  7803 | D:5      | Reached skill level 7 in Fighting
  8099 | D:5      | Reached XP level 9. HP: 51/69 MP: 0/0
  8099 | D:5      | Learned a level 4 spell: Animate Dead
  8377 | D:5      | Reached skill level 8 in Fighting
  8864 | D:6      | Noticed Sigmund
  8870 | D:6      | Killed Sigmund
  8893 | D:6      | Noticed Pikel
  8901 | D:6      | Splashed by Pikel's acid

Illustrated notes

Levels and vault maps discovered:
D:1:      dpeg_arrival_rhombi, layout_loops_cross
D:2:      layout_loops_ring
D:3:      layout_rooms, lemuel_crystal_altar, nemelex_xobeh_ov_fountains_minmay,
          minmay_misc_feat_alley
D:4:      due_chaos_kobolds, layout_basic, amethyst_overflow_temple_binary,
          minmay_temple_entry_water_ring, enter_ossuary_5, uniq_eustachio
D:5:      minmay_bubble_buster, layout_cave_pods, uniq_prince_ribbit1
D:6:      layout_cave_pools, general_overflow_altar,
          nicolae_overflow_hidden_temple, minitemple, kennysheep_generic_room_8,
          uniq_sigmund, uniq_pikel
Temple:   compressed_dpeg_triangle_lava_temple

Skill      XL: |  1  2  3  4  5  6  7  8  9 |
---------------+----------------------------+-----
Fighting       | 1 2 3 4 6 7 8 |  8.6
Spellcasting   | 3 4 5 7 |  7.8
Dodging        | |  2.1
Stealth        | |  1.5

Action                   |  1- 3 |  4- 6 |  7- 9 || total
-------------------------+-------+-------+-------++-------
Melee: Dagger            |    19 |    49 |    41 ||   109
 Cast: Foxfire           |    56 |   104 |   139 ||   299
       Sticky Flame      |       |     2 |    22 ||    24
       Conjure Flame     |       |       |     1 ||     1
       Fireball          |       |       |    19 ||    19
       Inner Flame       |       |       |     2 ||     2
       Lesser Beckoning  |       |       |     1 ||     1
  Use: Potion            |       |     1 |     8 ||     9
       Scroll            |       |     4 |     4 ||     8
 Stab: Sleeping          |     1 |       |       ||     1
       Distracted        |       |     1 |       ||     1
Armor: Robe              |     6 |    31 |    66 ||   103
       Skin              |       |       |     2 ||     2
Dodge: Dodged            |    32 |    43 |    89 ||   164

Table legend: (Time is in decaauts)
 A = Elapsed time spent in this place.
 B = Non-inter-level travel time spent in this place.
 C = Inter-level travel time spent in this place.
 D = Time resting spent in this place.
 E = Time spent auto-exploring this place.
 F = Levels seen in this place.
 G = Mean time per level.
                   A        B        C        D        E       F      G
               +--------+--------+--------+--------+--------+-----+--------+
         Total |   8888 |   8642 |    246 |   2536 |   5029 |   8 | 1111.0 |
       Dungeon |   7330 |   7104 |    226 |   1676 |   4571 |   6 | 1221.7 |
        Temple |    391 |    371 |     20 |    161 |    209 |   1 |  391.0 |
       Ossuary |   1165 |   1165 |      0 |    699 |    249 |   1 | 1165.0 |
               +--------+--------+--------+--------+--------+-----+--------+

Top non-repeatable levels by time:
     D:5: 2130 daAuts
     D:2: 1676 daAuts
     D:1: 1511 daAuts
 Ossuary: 1165 daAuts
     D:3: 972 daAuts
     D:4: 971 daAuts
  Temple: 391 daAuts
     D:6: 68 daAuts
